 Dungeon Crawl Stone Soup version 0.20-a0-556-g892c87b (webtiles) character file.

37 krabocopter the Conjurer (level 3, -3/21 HPs)
             Began as an Octopode Conjurer on Feb 7, 2017.
             Killed from afar by Natasha (6 damage)
             ... with a magic dart
             ... on level 2 of the Dungeon.
             The game lasted 00:05:05 (1029 turns).

krabocopter the Conjurer (Octopode Conjurer)        Turns: 1029, Time: 00:05:05

Health: -3/21      AC:  1    Str:  6 (7)  XL:     3   Next: 41%
Magic:  0/6        EV: 13    Int: 16 (18) God:
Gold:   64         SH:  0    Dex:  9 (12) Spells: 5/6 levels left

rFire    + . .     SeeInvis .   d - +0 dagger
rCold    . . .     Gourm    .   (no shield)
rNeg     . . .     Faith    .   (helmet restricted)
rPois    .         Spirit   .   (no amulet)
rElec    .         Reflect  .   e - ring of protection from fire
rCorr    .         Harm     .   (no ring)
MR       .....                  (no ring)
Stlth    +++.......             (no ring)
Regen    0.1/turn               (no ring)
                                (no ring)
                                (no ring)
                                (no ring)

@: slowed, very slow
A: almost no armour, stealthy swim, amphibious, 8 rings, constrict 8, camouflage
1, gelatinous body 1
a: no special abilities


You were on level 2 of the Dungeon.
You were not hungry.

You visited 1 branch of the dungeon, and saw 2 of its levels.

You collected 64 gold pieces.

Inventory:

Hand Weapons
 d - a +0 dagger (weapon)
 m - a +1 hand axe of chopping
Missiles
 c - 63 stones (quivered)
Jewellery
 e - a ring of protection from fire (left tentacle)
Scrolls
 g - 2 scrolls of identify {unknown}
 j - a scroll of recharging {unknown}
 l - a scroll of fear {unknown}
Books
 a - a book of Conjurations

   Spells                             Type                      Level
   a - Magic Dart                     Conjuration                  1
   b - Searing Ray                    Conjuration                  2
   c - Dazzling Spray                 Conjuration/Hexes            3
   d - Fulminant Prism                Conjuration/Hexes            4
   e - Iskenderun's Mystic Blast      Conjuration                  4
   f - Iskenderun's Battlesphere      Conjuration/Charms           5
Comestibles
 b - a bread ration
 f - 2 royal jellies
 h - 5 chunks of flesh
 k - a meat ration


   Skills:
 - Level 2.0 Dodging
 + Level 3.7 Stealth
 + Level 2.3 Spellcasting
 * Level 4.4 Conjurations


You had 5 spell levels left.
You knew the following spells:

 Your Spells              Type           Power        Failure   Level  Hunger
a - Magic Dart            Conj           ###.         3%          1    #......


Dungeon Overview and Level Annotations

Branches:
Dungeon (2/15)

Altars:

Annotations:
D:2 Natasha


Innate Abilities, Weirdness & Mutations

You cannot wear most types of armour.
You are very stealthy in the water. (Stealth+)
You are amphibious.
You can wear up to eight rings at the same time.
You can use your tentacles to constrict eight enemies at once.
Your skin changes colour to match your surroundings (Stealth+).
Your rubbery body absorbs attacks. (AC +1, EV +1)


Message History

The magic dart hits Natasha.
Natasha is severely wounded.
Natasha barely misses you. Natasha closely misses you.
It was a potion of degeneration.
There was something very wrong with that liquid.
You feel weakened.
You feel dopey.
You feel clumsy. Natasha misses you.
Casting: Magic Dart
Confirm with . or Enter, or press ? or * to list all spells.
Aiming: Magic Dart
Press: ? - help, Shift-Dir - straight line, f/p - Natasha
Aim: Natasha (severely wounded)
The magic dart hits Natasha.
Natasha is severely wounded.
Natasha casts a spell.
Natasha claws you.
* * * LOW HITPOINT WARNING * * *
Natasha casts a spell at you. The magic dart hits you!
You die...

..##....###...........#
......... #...........#
.........##...........#
.......#..h....[......#
......................#
...........#....÷>....#
.....####..#..........#
#...h.#.............#
#.#5.@#.#...........#
##..#.#...#########
#..÷.....# ##..#.#.###
#..#.....# #..##......#
#.###.#.##..# #.# #.#.#
.# ### ..#.. #


You could see Natasha and a crimson imp.

Vanquished Creatures
  An adder (D:1)
  A dart slug (D:1)
  A leopard gecko (D:1)
  A giant cockroach (D:1)
  2 goblins (D:1)
  2 hobgoblins (D:1)
  6 jackals
  6 bats
  A frilled lizard (D:1)
  4 rats (D:1)
25 creatures vanquished.

Notes
Turn   | Place    | Note
-------+----------+-------------------------------------------
     0 | D:1      | krabocopter the Octopode Conjurer began the quest for the Orb.
     0 | D:1      | Reached XP level 1. HP: 11/11 MP: 3/3
   157 | D:1      | Reached XP level 2. HP: 4/17 MP: 0/5
   635 | D:1      | Reached XP level 3. HP: 21/21 MP: 2/6
  1016 | D:2      | Noticed Natasha
  1029 | D:2      | Killed from afar by Natasha

Vault maps used:
D:1:      onia_arrival_pentagram
D:2:      overflow_temple_1_default, uniq_natasha

Skill      XL: |  1 |
---------------+----+-----
Stealth        | 3 |  3.7
Dodging        | |  2.0
Spellcasting   | |  2.3
Conjurations   | |  4.4

Action                   || total
-------------------------++-------
Melee: Unarmed           ||     8
       Tentacles         ||     3
       Constrict         ||     5
       Dagger            ||    11
Throw: Stone             ||     7
 Cast: Magic Dart        ||    49
  Use: Potion            ||     2
 Stab: Sleeping          ||     1
  Eat: Chunk             ||     1
Armor: Skin              ||     4
Dodge: Dodged            ||    32
